 Dungeon Crawl Stone Soup version 0.16.1-5-gaa23807 (webtiles) character file.

58 Chiseanne the Chiller (level 4, 0/27 HPs)
             Began as an Octopode Ice Elementalist on Mar 28, 2015.
             Succumbed to an adder's poison
             ... on level 1 of the Dungeon.
             The game lasted 00:05:01 (1346 turns).

Chiseanne the Chiller (Octopode Ice Elementalist)   Turns: 1346, Time: 00:05:02

Health: 0/27       AC:  1    Str: 12      XL:     4   Next: 1%
Magic:  1/8        EV: 12    Int: 15 (17) God:
Gold:   65         SH:  0    Dex: 13      Spells: 1 memorised, 7 levels left

rFire  . . .     SeeInvis .     a - +1 club
rCold  . . .     Clarity  .     (no shield)
rNeg   . . .     SustAb   .     (helmet restricted)
rPois  .         Gourm    .     (no amulet)
rElec  .         Spirit   .     (no ring)
rCorr  .         Warding  .     (no ring)
rMut   .         Stasis   .     (no ring)
MR     .....                    (no ring)
Stlth  +++.......               (no ring)
                                (no ring)
                                (no ring)
                                (no ring)

@: mighty, lethally poisoned (0 -> -4), very slightly contaminated, not
resistant to hostile enchantments, fairly stealthy
A: almost no armour, amphibious, 8 rings, constrict 8, camouflage 1, gelatinous
body 1
a: no special abilities


You were on level 1 of the Dungeon.
You were hungry.

You visited 1 branch of the dungeon, and saw 2 of its levels.

You collected 65 gold pieces.

Inventory:

Hand weapons
 a - a +1 club (weapon)
Missiles
 d - 8 poisoned needles
Magical devices
 g - a wand of random effects (14)
Books
 b - a book of Frost

   Spells                             Type                      Level
   a - Freeze                         Ice                          1
   b - Throw Frost                    Conjuration/Ice              2
   c - Ozocubu's Armour               Charms/Ice                   3
   d - Throw Icicle                   Conjuration/Ice              4
   e - Summon Ice Beast               Ice/Summoning                4
   f - Condensation Shield            Ice                          4
Comestibles
 c - 3 bread rations


   Skills:
 * Level 0.6 Fighting
 * Level 2.5 Dodging
 - Level 2.6 Stealth
 * Level 2.6 Spellcasting
   Level 1.0 Conjurations
 * Level 3.8 Ice Magic


You had 7 spell levels left.
You knew the following spells:

 Your Spells              Type           Power        Failure   Level  Hunger
a - Freeze                Ice            ##..         4%          1    #......


Dungeon Overview and Level Annotations

Branches:
Dungeon (2/15)

Altars:

Annotations:
D:2 Robin


Innate Abilities, Weirdness & Mutations

You cannot wear most types of armour.
You are amphibious.
You can wear up to eight rings at the same time.
You can use your tentacles to constrict many enemies at once.
Your skin changes colour to match your surroundings (Stealth).
Your rubbery body absorbs attacks (AC +1).


Message History

You feel sick.
There is a stone staircase leading down here.
Casting: Freeze
Confirm with . or Enter, or press ? or * to list all spells.
Aiming: Freeze
Press: ? - help, Shift-Dir - straight line, f - goblin
Aim: a goblin, wielding a club You freeze the goblin.
You kill the goblin!
You have reached level 4!
Drink which item? (? for menu, Esc to quit)
It was a potion of degeneration.
There was something very wrong with that liquid.
You feel dopey.
* * * LOW HITPOINT WARNING * * *
You feel sick.
Drink which item? (? for menu, Esc to quit)
It was a potion of might.
You feel very mighty all of a sudden.
You die...

#......#######
##........... #......#
#######'###...... #......#
#.........####...
#......#######....)....#
####
#......##...........[..#
#......##..........)...##
#########......)[#####[.###
#....)...#........#
#...>@...#.÷......#
#...)....#........#
#.....((.#........#
####........#........#
#...........#........#
#...........#..[.....#
#.......#####......(.#
#.......# #######.#####
######### #..†(....#


There were no monsters in sight!

Vanquished Creatures
  3 adders (D:2)
  A giant gecko (D:1)
  5 bats
  A hobgoblin (D:1)
  2 jackals (D:1)
  4 giant newts
  4 goblins (D:1)
  6 kobolds
  4 rats (D:1)
30 creatures vanquished.

Notes
Turn   | Place    | Note
--------------------------------------------------------------
     0 | D:1      | Chiseanne, the Octopode Ice Elementalist, began the quest for the Orb.
     0 | D:1      | Reached XP level 1. HP: 11/11 MP: 3/3
   265 | D:1      | Reached XP level 2. HP: 4/17 MP: 0/4
  1154 | D:1      | Reached XP level 3. HP: 18/21 MP: 6/6
  1322 | D:2      | Noticed Robin
  1343 | D:1      | Reached XP level 4. HP: 2/27 MP: 0/8
  1344 | D:1      | HP: 1/27 [poisoned by an adder]
  1346 | D:1      | Succumbed to an adder's poison

Action                   |  1- 3 |  4- 6 || total
-------------------------+-------+-------++-------
Melee: Unarmed           |     7 |       ||     7
       Club              |    15 |       ||    15
 Cast: Freeze            |    28 |     1 ||    29
Evoke: Wand              |     2 |       ||     2
  Use: Scroll            |     4 |       ||     4
       Potion            |       |     2 ||     2
 Stab: Sleeping          |     2 |       ||     2
       Paralysed         |     4 |       ||     4
  Eat: Chunk             |     1 |       ||     1
